 Dungeon Crawl Stone Soup version 0.16.2-12-gd0ad4c3 (webtiles) character file.

104832 faibistes the Eclecticist (level 15, 0/84 HPs)
             Began as a Deep Elf Wizard on Jan 29, 2018.
             Was the Champion of Sif Muna.
             Slain by a spatial maelstrom (18 damage)
             ... on level 5 of the Abyss.
             The game lasted 02:08:49 (41050 turns).

faibistes the Eclecticist (Deep Elf Wizard)        Turns: 41050, Time: 02:08:49

Health: 0/84       AC: 15    Str:  8    XL:     15   Next: 93%
Magic:  48/48      EV: 19    Int: 37    God:    Sif Muna [******]
Gold:   1419       SH:  0    Dex: 17    Spells: 13 memorised, 4 levels left

rFire  . . .     SeeInvis .     w - +11 rapier of World Downfall {venom, Int+3}
rCold  . . .     Clarity  .     G - +4 robe of Augmentation {Str+4 Int+4 Dex+4}
rNeg   . . .     SustAb   .     (no shield)
rPois  .         Gourm    .     s - +2 helmet
rElec  .         Spirit   .     u - +2 cloak
rCorr  .         Warding  .     (no gloves)
rMut   +         Stasis   .     m - +2 pair of boots
MR     +....                    h - amulet of resist mutation
Stlth  +++.......               M - ring of magical power
                                Y - ring of stealth

@: about to teleport, repel missiles, somewhat resistant to hostile
enchantments, fairly stealthy
A: no striking features
a: Channel Energy, Forget Spell, Renounce Religion


You were on level 5 of the Abyss.
You worshipped Sif Muna.
Sif Muna was exalted by your worship.
You were not hungry.

You visited 5 branches of the dungeon, and saw 25 of its levels.
You visited the Abyss 1 time.
You also visited: Bailey.

You collected 2905 gold pieces.
You spent 1486 gold pieces at shops.

Inventory:

Hand weapons
 v - a +5 dagger of freezing
 w - the +11 rapier of World Downfall (weapon) {venom, Int+3}
   (You found it on level 8 of the Lair of Beasts)

   It poisons the flesh of those it strikes.
   It affects your intelligence (+3).
 W - a +1 halberd of flaming
Armour
 m - a +2 pair of boots (worn)
 s - a +2 helmet (worn)
 u - a +2 cloak (worn)
 G - the +4 robe of Augmentation (worn) {Str+4 Int+4 Dex+4}
   (You found it in a bailey)

   It affects your strength (+4).
   It affects your intelligence (+4).
   It affects your dexterity (+4).
 K - a +2 robe of resistance
 N - a +1 robe of positive energy
Magical staves
 U - an uncursed staff of cold
Jewellery
 e - an uncursed ring of fire
 h - an amulet of resist mutation (around neck)
 C - a +5 ring of evasion
 D - an uncursed amulet of warding
 F - an uncursed ring of flight
 M - a ring of magical power (right hand)
 T - an uncursed ring of protection from magic
 Y - a ring of stealth (left hand)
Magical devices
 a - a wand of cold (14)
 i - a wand of fireball (7)
 r - a wand of lightning (6)
 x - a wand of heal wounds (3)
 y - a wand of digging (16)
 H - a wand of draining (3)
 J - a wand of draining (6)
 Q - a wand of slowing (19)
 X - a wand of digging (12)
Scrolls
 b - a scroll of immolation
 c - 2 scrolls of blinking
 g - 4 scrolls of teleportation
 p - a scroll of summoning
 t - 3 scrolls of remove curse
 O - a scroll of fog
 S - 3 scrolls of magic mapping
 V - 2 scrolls of recharging
 Z - 2 scrolls of fear
Potions
 f - 3 potions of invisibility
 k - 10 potions of curing
 o - 2 potions of flight
 q - 3 potions of cancellation
 A - 4 potions of restore abilities
 E - a potion of heal wounds
 I - 2 potions of haste
 L - 3 potions of brilliance
 P - a potion of resistance
Books
 z - Claimn's Tome of Lucky Sinister Secrets
   (You found it on level 1 of the Elven Halls)

   Spells                             Type                      Level
   a - Animate Skeleton               Necromancy                   1
   b - Pain                           Necromancy                   1
   c - Corpse Rot                     Necromancy                   2
   d - Regeneration                   Charms/Necromancy            3
   e - Vampiric Draining              Necromancy                   3
   f - Excruciating Wounds            Charms/Necromancy            5
 B - Sif Muna's Handbook of Confrontation
   (Sif Muna gifted it to you on level 1 of the Elven Halls)

   Spells                             Type                      Level
   a - Searing Ray                    Conjuration                  2
   b - Dazzling Spray                 Conjuration/Hexes            3
   c - Bolt of Draining               Conjuration/Necromancy       5
   d - Irradiate                      Conjuration/Transmutation    5
Comestibles
 d - 12 bread rations
 j - 7 beef jerkies
 l - 14 royal jellies
 n - 10 meat rations
 R - 5 fruits


   Skills:
 + Level 6.0 Fighting
 - Level 10.1 Dodging
 - Level 2.4 Stealth
 * Level 15.4 Spellcasting
 * Level 12.2 Conjurations
 + Level 10.7 Charms
 - Level 4.3 Summonings
 * Level 9.3 Translocations
 - Level 3.0 Transmutations
 * Level 11.9 Fire Magic
 - Level 4.0 Air Magic
 - Level 3.0 Poison Magic
 - Level 10.0 Invocations
 + Level 8.2 Evocations


You had 4 spell levels left.
You knew the following spells:

 Your Spells              Type           Power        Failure   Level  Hunger
a - Magic Dart            Conj           ####         0%          1    None
b - Conjure Flame         Conj/Fire      #######.     1%          3    None
c - Call Imp              Summ           ######..     1%          2    None
d - Blink                 Tloc           N/A          1%          2    None
e - Mephitic Cloud        Conj/Pois/Air  ######..     1%          3    None
f - Repel Missiles        Chrm/Air       ######       1%          2    None
g - Shroud of Golubria    Chrm/Tloc      #######...   1%          2    None
h - Swiftness             Chrm/Air       ######..     1%          2    None
i - Ignite Poison         Fire/Trmt      ######....   1%          5    None
j - Dazzling Spray        Conj/Hex       ######..     1%          3    None
v - Bolt of Fire          Conj/Fire      #######...   1%          6    None
x - Sticky Flame          Conj/Fire      #######.     1%          4    None
z - Fireball              Conj/Fire      #######...   1%          5    None


Dungeon Overview and Level Annotations

Branches:
Dungeon (10/15)            Temple (1/1) D:6            Lair (8/8) D:9
 Shoals (0/5) Lair:4        Snake (0/5) Lair:6        Slime (0/6) Lair:7
    Orc (4/4) D:9             Elf (2/3) Orc:3

Altars:
Ashenzari
Cheibriados
Dithmenos
Elyvilon
Fedhas
Gozag
Kikubaaqudgha
Makhleb
Nemelex Xobeh
Okawaru
Qazlal
Ru
Sif Muna
Trog
Vehumet
Xom
Yredelemnul
Zin
The Shining One
Beogh
Jiyva

Shops:
D:7 !   D:8 :   Orc:1 (=(%   Orc:4 :=?[   Elf:1 *

Portals:
Trove: Elf:1 (show abyssal rune of Zot)


Message History

The rakshasa moves out of view.
A thrashing horror comes into view.
The wraith disappears in a puff of smoke!
The spatial maelstrom misses you. The spatial maelstrom hits you.
Space bends around you.
The worldbinder calls forth creatures from the Crypt!
The smoke demon gestures at you. Something smites you!
Read which item? (? for menu, Esc to quit)
As you read the scroll of teleportation, it crumbles to dust.
You feel strangely unstable.
You feel the power of the Abyss delaying your translocation.
The spatial maelstrom hits you but does no damage.
The spatial maelstrom closely misses you.
The shadow hits you!
* * * LOW HITPOINT WARNING * * *
The spatial maelstrom hits you.
* * * LOW HITPOINT WARNING * * *
Space warps horribly around you!
You die...

......#.#.. # #.... .
.......#..........##.
............#.......v.
....X........s....ยง#..
........................
#..R.............#.#..
........W......... . ...
#.......#.e..........#..
..#.@vxW3...##......
##..Wx....### #....
####.###.## . .. # ###
### ###...# .#..# # .###
... .


You could see a spatial maelstrom, a rakshasa, a thrashing horror, 2
worldbinders, a smoke demon, a wraith, a deep elf priest and 2 shadows.

Vanquished Creatures
  A deep elf sorcerer (Elf:1)
  The ghost of faibistes the Eclecticist, a powerful DEWz of Sif Muna (Elf:2)
  A stone giant (Orc:4)
  A deep elf death mage (Elf:1)
  Snorg (Lair:6)
  A fire dragon (Lair:8)
  The ghost of faibistes the Thaumaturge, a powerful DEWz of Sif Muna (Lair:7)
  Fannar (Lair:1)
  5 hydras
  Erica (Lair:5)
  A catoblepas (Lair:8)
  A thrashing horror (Abyss:1)
  An orc high priest (Orc:3)
  8 deep elf knights
  4 deep elf summoners
  2 hill giants
  3 necromancers (Elf:1)
  5 orc knights
  9 deep elf conjurers
  An oklob plant (Lair:5)
  3 griffons
  Joseph (D:7)
  5 elephants (Lair:6)
  9 black mambas
  15 spiny frogs
  12 komodo dragons
  7 fire drakes
  3 large abominations
  4 deep elf priests (Elf:1)
  4 trolls
  A wandering mushroom (Lair:8)
  9 polar bears (Lair:8)
  A boulder beetle (Lair:7)
  4 raiju
  10 blink frogs
  3 basilisks
  A wyvern (D:10)
  14 deep elf magi
  37 yaks
  A water elemental (Abyss:1)
  3 hippogriffs
  Eustachio (D:8)
  14 deep elf fighters
  27 wolves
  12 wargs
  2 mottled dragons (Lair:8)
  A soldier ant (shapeshifter) (Elf:1)
  14 water moccasins
  18 porcupines
  A steam dragon (D:10)
  2 hell hounds (Lair:8)
  3 ice beasts
  3 sky beasts
  A swamp drake (Lair:8)
  12 black bears (Lair:8)
  52 orc warriors
  A necrophage (D:8)
  8 ogres
  4 phantoms
  A boring beetle (Lair:7)
  Sigmund (D:2)
  Duvessa (D:8)
  4 centaurs
  26 crocodiles
  2 elf zombies (Elf:1)
  Blork the orc (D:7)
  A water moccasin zombie (D:7)
  20 giant frogs
  4 scorpions
  5 killer bees (D:9)
  4 wights (D:9)
  A centaur zombie (D:5)
  2 goliath beetles
  Dowan (D:8)
  2 crimson imps
  15 orc priests
  3 electric eels (D:10)
  A giant frog skeleton (D:8)
  A centaur skeleton (D:6)
  20 hounds
  3 quasits
  Crazy Yiuf (D:7)
  A gnoll shaman (D:6)
  16 jellies
  25 orc wizards
  9 iguanas
  4 worker ants
  15 sheep
  Ijyb (D:2)
  Jessica (D:3)
  A hound skeleton (D:9)
  Robin (D:2)
  22 adders
  10 gnolls
  43 river rats
  2 shadow imps
  A white imp (Abyss:1)
  3 worms
  An adder zombie (D:6)
  An adder skeleton (D:5)
  2 giant geckos
  An ooze (Lair:7)
  196 orcs
  A ball python (D:1)
  2 bat skeletons
  A bat zombie (D:6)
  5 giant cockroaches
  23 goblins
  17 hobgoblins
  9 quokkas
  A ball python skeleton (D:5)
  14 bats
  A giant gecko skeleton (D:6)
  A giant gecko zombie (D:5)
  3 goblin skeletons (D:6)
  A goblin zombie (D:6)
  A hobgoblin zombie (D:6)
  9 jackals
  A jackal zombie (D:6)
  12 kobolds
  A kobold skeleton (D:6)
  An orc skeleton (D:6)
  2 quokka skeletons
  14 rats
  3 bushes
  4 fungi
  6 plants
981 creatures vanquished.

Vanquished Creatures (collateral kills)
  A water moccasin (Lair:4)
  Terence (D:2)
  2 gnolls (D:4)
  2 orcs
  2 quokkas
8 creatures vanquished.

Vanquished Creatures (others)
  A deep elf fighter (Elf:1)
  A lost soul (Elf:1)
  7 crimson imps
  An iron imp (D:2)
  A shadow imp (D:3)
  A white imp (D:2)
  30 fungi
  11 plants
53 creatures vanquished.

Grand Total: 1042 creatures vanquished

Notes
Turn   | Place    | Note
--------------------------------------------------------------
     0 | D:1      | faibistes, the Deep Elf Wizard, began the quest for the Orb.
     0 | D:1      | Reached XP level 1. HP: 10/10 MP: 6/6
     2 | D:1      | Noticed a troll
     2 | D:1      | Noticed a demigod
     4 | D:1      | Noticed a merfolk
     6 | D:1      | Noticed a vampire
     6 | D:1      | Noticed an elf
     8 | D:1      | Noticed a dwarf
     8 | D:1      | Noticed an ogre
    10 | D:1      | Noticed a felid
    10 | D:1      | Noticed a vine stalker
    12 | D:1      | Noticed a demonspawn
    14 | D:1      | Noticed a centaur
    14 | D:1      | Noticed a gargoyle
    16 | D:1      | Noticed an octopode
    16 | D:1      | Noticed a ghoul
    18 | D:1      | Noticed a human
    18 | D:1      | Noticed a formicid
    20 | D:1      | Noticed a tengu
    22 | D:1      | Noticed a naga
    22 | D:1      | Noticed a spriggan
    24 | D:1      | Noticed a minotaur
    24 | D:1      | Noticed a draconian
   460 | D:2      | Noticed Terence
   878 | D:1      | Reached XP level 2. HP: 12/15 MP: 0/10
   885 | D:1      | Learned a level 2 spell: Blink
   888 | D:1      | Learned a level 2 spell: Call Imp
  1454 | D:2      | Killed Terence
  1524 | D:2      | Noticed Robin
  1662 | D:2      | Reached XP level 3. HP: 19/19 MP: 10/13
  1675 | D:2      | Learned a level 3 spell: Conjure Flame
  1679 | D:2      | Learned a level 3 spell: Mephitic Cloud
  1697 | D:2      | Noticed Ijyb
  1793 | D:2      | Killed Ijyb
  1793 | D:2      | Reached skill level 5 in Spellcasting
  1798 | D:2      | Noticed Sigmund
  1893 | D:2      | Killed Sigmund
  1893 | D:2      | Reached XP level 4. HP: 24/24 MP: 6/17
  1897 | D:2      | Learned a level 2 spell: Repel Missiles
  2151 | D:2      | Found a blossoming altar of Fedhas.
  2154 | D:2      | Found a stormy altar of Qazlal.
  2304 | D:2      | Killed Robin
  2391 | D:2      | Reached XP level 5. HP: 28/28 MP: 14/20
  2532 | D:2      | Reached skill level 6 in Spellcasting
  2650 | D:2      | Found a bloodstained altar of Trog.
  3479 | D:3      | Found a deep blue altar of Sif Muna.
  3491 | D:3      | Became a worshipper of Sif Muna the Loreminder
  3660 | D:3      | Reached XP level 6. HP: 25/32 MP: 13/22
  4302 | D:3      | Noticed Jessica
  4306 | D:3      | Killed Jessica
  4329 | D:3      | Found a deep blue altar of Sif Muna.
  4430 | D:3      | Reached skill level 1 in Fire Magic
  4635 | D:3      | Reached skill level 7 in Spellcasting
  4635 | D:3      | Reached skill level 1 in Air Magic
  4920 | D:5      | Entered Level 5 of the Dungeon
  4926 | D:4      | Reached XP level 7. HP: 32/36 MP: 21/25
  5205 | D:4      | Acquired Sif Muna's first power
  5223 | D:4      | Reached skill level 1 in Poison Magic
  5449 | D:5      | Found a snail-covered altar of Cheibriados.
  5529 | D:4      | Learned a level 4 spell: Sticky Flame
  6109 | D:4      | Found a shimmering altar of Xom.
  7198 | D:6      | Acquired Sif Muna's second power
  7198 | D:6      | Reached XP level 8. HP: 41/41 MP: 12/27
  8082 | D:6      | Reached skill level 5 in Conjurations
  8174 | D:6      | Found a staircase to the Ecumenical Temple.
  8181 | Temple   | Entered the Ecumenical Temple
  8474 | D:6      | Reached skill level 8 in Spellcasting
  9059 | D:6      | Reached skill level 5 in Dodging
  9274 | D:6      | Found a glowing golden altar of the Shining One.
  9847 | D:7      | Noticed Blork the orc
  9856 | D:7      | Killed Blork the orc
  9943 | D:7      | Found Trywn's Distillery.
  9974 | D:7      | Bought a potion of heal wounds for 60 gold pieces
  9974 | D:7      | Bought a potion of haste for 120 gold pieces
  9974 | D:7      | Bought a potion of degeneration for 12 gold pieces
  9982 | D:8      | Found Oczei's Book Shop.
 10009 | D:7      | Reached XP level 9. HP: 38/45 MP: 19/29
 10206 | D:7      | Reached skill level 5 in Fire Magic
 10640 | D:7      | Learned a level 5 spell: Fireball
 10717 | D:7      | Noticed Joseph
 10732 | D:7      | Killed Joseph
 10732 | D:7      | Reached skill level 9 in Spellcasting
 10732 | D:7      | Reached skill level 1 in Charms
 10732 | D:7      | Reached skill level 1 in Invocations
 11086 | D:7      | Reached skill level 1 in Evocations
 11212 | D:7      | Noticed Crazy Yiuf
 11221 | D:7      | Killed Crazy Yiuf
 11539 | D:8      | Found a white marble altar of Elyvilon.
 11620 | D:8      | Found a shadowy altar of Dithmenos.
 11648 | D:8      | Noticed Eustachio
 11668 | D:8      | Acquired Sif Muna's third power
 11668 | D:8      | Reached skill level 1 in Fighting
 11714 | D:8      | Killed Eustachio
 11847 | D:8      | Noticed Dowan
 11849 | D:8      | Killed Dowan
 11851 | D:8      | Noticed Duvessa
 12003 | D:8      | Killed Duvessa
 12586 | D:8      | Reached XP level 10. HP: 52/52 MP: 17/31
 12654 | D:9      | Noticed a fire drake
 12679 | D:8      | a fire drake changed into a water moccasin
 12887 | D:10     | Entered Level 10 of the Dungeon
 13025 | D:10     | Found a flagged portal.
 13076 | Bailey   | Entered a bailey
 13100 | Bailey   | Noticed an orc knight
 13104 | Bailey   | Killed an orc knight
 13104 | Bailey   | Reached skill level 10 in Spellcasting
 13465 | D:10     | Noticed a hill giant
 13470 | D:10     | Noticed a hill giant
 13474 | D:10     | Killed a hill giant
 13715 | D:9      | Killed a hill giant
 14381 | D:9      | Reached skill level 5 in Charms
 14434 | D:9      | Reached XP level 11. HP: 58/58 MP: 19/32
 14561 | D:9      | Found a basalt altar of Yredelemnul.
 14775 | D:8      | Found a deep blue altar of Sif Muna.
 14924 | D:9      | Found a staircase to the Lair.
 14927 | D:9      | Found a staircase to the Orcish Mines.
 15250 | Lair:1   | Entered Level 1 of the Lair of Beasts
 15469 | Lair:1   | Reached skill level 11 in Spellcasting
 15571 | Lair:1   | Learned a level 2 spell: Shroud of Golubria
 15602 | Lair:1   | Reached skill level 5 in Invocations
 15827 | Lair:1   | Received a gift from Sif Muna
 16323 | Lair:1   | Noticed Fannar
 16343 | Lair:1   | Killed Fannar
 16946 | Lair:2   | Reached skill level 5 in Translocations
 17169 | Lair:2   | Noticed an eight-headed hydra
 17515 | Lair:2   | Reached skill level 12 in Spellcasting
 17783 | Lair:2   | Killed an eight-headed hydra
 17783 | Lair:2   | Reached XP level 12. HP: 64/64 MP: 15/35
 18771 | Lair:4   | Reached skill level 5 in Evocations
 19467 | Lair:4   | Identified a scroll of acquirement
 19468 | Lair:4   | Identified the Incunabulum of Gliding Conjuration (You acquired it on level 4 of the Lair of Beasts)
 19757 | Lair:3   | Received a gift from Sif Muna
 19758 | Lair:3   | Identified Riopn's Grimoire of the Compass and Flight (Sif Muna gifted it to you on level 3 of the Lair of Beasts)
 19766 | Lair:3   | Learned a level 6 spell: Bolt of Fire
 19769 | Lair:3   | Learned a level 2 spell: Swiftness
 20562 | Lair:3   | Noticed an eight-headed hydra
 20574 | Lair:3   | Killed an eight-headed hydra
 20863 | Lair:4   | Found a staircase to the Shoals.
 21424 | Lair:2   | Learned a level 1 spell: Apportation
 22228 | Lair:5   | Noticed Erica
 22235 | Lair:5   | Killed Erica
 22780 | Lair:5   | Found a deep blue altar of Sif Muna.
 22859 | Lair:6   | Reached XP level 13. HP: 70/70 MP: 36/36
 22915 | Lair:5   | Reached skill level 13 in Spellcasting
 23945 | Lair:6   | Noticed an eight-headed hydra
 23951 | Lair:6   | Killed an eight-headed hydra
 24024 | Lair:6   | Noticed Snorg
 24026 | Lair:6   | Received a gift from Sif Muna
 24026 | Lair:6   | Reached skill level 10 in Conjurations
 24026 | Lair:6   | Reached skill level 10 in Fire Magic
 24026 | Lair:6   | Reached XP level 14. HP: 73/76 MP: 37/37
 24034 | Lair:6   | Killed Snorg
 24663 | Lair:6   | Found a staircase to the Snake Pit.
 25295 | D:8      | Bought a book of Fire for 910 gold pieces
 25301 | D:8      | Learned a level 5 spell: Ignite Poison
 25359 | Lair:2   | Learned a level 3 spell: Dazzling Spray
 25517 | Lair:7   | Noticed faibistes' ghost (powerful DEWz)
 25520 | Lair:7   | Killed faibistes' ghost
 25565 | Lair:8   | Entered Level 8 of the Lair of Beasts
 25907 | Lair:7   | Found a staircase to the Slime Pits.
 26870 | Lair:7   | Reached skill level 14 in Spellcasting
 26937 | Lair:7   | Reached skill level 1 in Transmutations
 27518 | Lair:7   | Reached skill level 5 in Fighting
 28713 | Lair:8   | Received a gift from Sif Muna
 28714 | Lair:8   | Identified Sif Muna's Compendium of Displacement (Sif Muna gifted it to you on level 8 of the Lair of Beasts)
 29154 | Lair:8   | Got a pair of fine boots
 29165 | Lair:8   | Identified the +1 pair of boots "Ogikozxe" {rN+ MR+ Int-2 Slay+2 Stlth+} (You found it on level 8 of the Lair of Beasts)
 30049 | Lair:8   | Got an ancient rapier
 30050 | Lair:8   | Identified the +11 rapier of World Downfall {venom, Int+3} (You found it on level 8 of the Lair of Beasts)
 30777 | Lair:8   | Reached XP level 15. HP: 82/82 MP: 35/38
 32266 | Orc:1    | Entered Level 1 of the Orcish Mines
 32963 | Orc:3    | Found a staircase to the Elven Halls.
 32965 | Orc:4    | Entered Level 4 of the Orcish Mines
 32992 | Orc:3    | Found a shimmering altar of Xom.
 33215 | Orc:1    | Found Ezuriat's Jewellery Emporium.
 33345 | Orc:1    | Found Blaicin's Antique Weapon Boutique.
 33379 | Orc:1    | Found Urosm's Weapon Emporium.
 33552 | Orc:1    | Found Zeedydie's Food Shop.
 34676 | Orc:3    | Found a roughly hewn altar of Beogh.
 35836 | Orc:4    | Reached skill level 10 in Invocations
 36186 | Orc:4    | Found Etuexups' Armour Emporium.
 36186 | Orc:4    | Found Ontu's Magic Scroll Boutique.
 36195 | Orc:4    | Reached skill level 10 in Charms
 36874 | Orc:4    | Found a roughly hewn altar of Beogh.
 36896 | Orc:4    | Bought a scroll of identify for 32 gold pieces
 36897 | Orc:4    | Bought a scroll of identify for 32 gold pieces
 36897 | Orc:4    | Bought a scroll of teleportation for 48 gold pieces
 36897 | Orc:4    | Bought a scroll of enchant armour for 120 gold pieces
 36897 | Orc:4    | Bought a scroll of enchant armour for 120 gold pieces
 36897 | Orc:4    | Bought a scroll of identify for 32 gold pieces
 37027 | Orc:4    | Found Schutier's Book Boutique.
 37027 | Orc:4    | Found Smaczadi's Jewellery Emporium.
 37846 | Elf:1    | Entered Level 1 of the Elven Halls
 38027 | Elf:1    | Reached skill level 10 in Dodging
 38625 | Elf:1    | Received a gift from Sif Muna
 38705 | Elf:1    | Identified Sif Muna's Handbook of Confrontation (Sif Muna gifted it to you on level 1 of the Elven Halls)
 39020 | Elf:1    | Found Ragesoeg's Assorted Antiques.
 39096 | Elf:1    | Reached skill level 15 in Spellcasting
 39634 | Elf:1    | Found a portal to a secret trove of treasure.
 39704 | Elf:1    | Identified Claimn's Tome of Lucky Sinister Secrets
 39754 | Elf:2    | Noticed faibistes' ghost (powerful DEWz)
 39766 | Elf:2    | Killed faibistes' ghost
 40587 | Elf:2    | Cast into the Abyss (a deep elf demonologist)
 40587 | Abyss:1  | Found a corrupted altar of Lugonu.
 40794 | Abyss:3  | Found a deep blue altar of Sif Muna.
 40836 | Abyss:3  | Noticed a kraken
 40937 | Abyss:5  | Entered Level 5 of the Abyss
 41050 | Abyss:5  | Slain by a spatial maelstrom

Action                   |  1- 3 |  4- 6 |  7- 9 | 10-12 | 13-15 || total
-------------------------+-------+-------+-------+-------+-------++-------
Melee: Dagger            |     5 |    17 |    27 |    86 |    66 ||   201
       Rapier            |       |       |       |       |    89 ||    89
 Cast: Magic Dart        |    63 |   156 |   347 |    57 |    15 ||   638
       Call Imp          |     5 |     4 |     6 |       |       ||    15
       Mephitic Cloud    |     4 |    12 |    29 |    19 |     1 ||    65
       Conjure Flame     |     2 |     3 |    29 |    39 |    14 ||    87
       Blink             |     2 |     2 |    11 |    10 |    15 ||    40
       Repel Missiles    |       |     2 |       |     1 |     3 ||     6
       Sticky Flame      |       |       |    10 |    73 |    74 ||   157
       Fireball          |       |       |    27 |   153 |   307 ||   487
       Shroud of Golubri |       |       |       |     1 |     4 ||     5
       Apportation       |       |       |       |     2 |       ||     2
       Bolt of Fire      |       |       |       |     1 |   159 ||   160
       Dazzling Spray    |       |       |       |       |    30 ||    30
       Ignite Poison     |       |       |       |       |     8 ||     8
       Swiftness         |       |       |       |       |     1 ||     1
Invok: Channel Energy    |       |       |     2 |    30 |    31 ||    63
       Forget Spell      |       |       |       |       |     1 ||     1
Evoke: Wand              |       |       |       |     2 |    10 ||    12
  Use: Scroll            |       |       |    17 |    11 |    23 ||    51
       Potion            |       |       |       |     8 |     6 ||    14
 Stab: Confused          |       |     5 |     5 |     1 |       ||    11
       Invisible         |       |       |       |       |     1 ||     1
  Eat: Chunk             |     3 |     9 |    23 |    36 |    47 ||   118
       Fruit             |       |       |     4 |     6 |     5 ||    15
       Pizza             |       |       |     1 |       |     2 ||     3
       Beef jerky        |       |       |       |       |     3 ||     3
       Bread ration      |       |       |       |       |     1 ||     1
       Royal jelly       |       |       |       |       |     1 ||     1
